AoeStats
← dolt34

Socotra

506308638Analyzed
2v2 RM · 20d ago on Sep 13, 2026· 32m 7s· 4 players
Game mode
Random Map
Map size
Tiny (2 player)
Population
200
Speed
Normal
Resources
Standard
Victory
Conquest
Starting age
Dark Age
Ending age
Imperial Age
RankedLock teamsTeams togetherTeam positionsShared explorationLock speedFull tech treeHidden civsTurbo modeCheats
Victory
Defeat
🇺🇸 Vietnamese · United States
1255
+13
🇺🇸 Sicilians · United States
1043
+23
🇺🇸 Malay · United States
1188
-18
🇺🇸 Mongols · United States
1186
-18
PeacefulFarmer
2:33 Loom
10:36 Feudal Age
11:10 Double-Bit Axe
11:15 Arson
12:42 Horse Collar
14:17 Fletching
15:36 Town Watch
19:04 Gold Mining
21:16 Wheelbarrow
22:29 Padded Archer Armor
26:42 Castle Age
25:17 Scale Mail Armor
27:05 Scale Barding Armor
27:34 Stone Mining
28:07 Bow Saw
27:21 Crossbowman
27:30 Pikeman
28:30 Squires
30:14 Heavy Plow
SolidSnake
0:59 Loom
32:17 Feudal Age
basileus
7:19 Loom
11:03 Feudal Age
dolt34
10:34 Feudal Age
8:51 Loom
13:02 Double-Bit Axe
15:56 Fletching
16:07 Padded Archer Armor
16:37 Town Watch
23:10 Castle Age
21:18 Gold Mining
21:14 Horse Collar
22:34 Forging
24:39 Scale Barding Armor
29:22 Bodkin Arrow
Connection lost

Rejoining the realm…

Still unreachable

The connection could not be restored.

Session expired

The server has moved on; the page needs a fresh start.